Map: Stasis LE

Players

Temujin - Winner!

  • Race: Zerg Zerg
  • League: Gold
  • Spawn Location: 11:00

Mesrob

  • Race: Terran Terran
  • League: Gold
  • Spawn Location: 1:00

VOD

Have the link to the VOD?

Description

Time

  • Played on: Jan. 15, 2019, 6:11 p.m.
  • Length: 19:22
Show
View Real Time Build Order
Export as new Build Order

Temujin Zerg - Winner!

Build Orders: Hatch First, Muta Ling Bane 

Get SALT Encoding   

  12  0:06  Drone  
  13  0:16  Drone  
  14  0:43  Hatchery, Overlord  
  13  0:52  Drone  
  14  1:09  Drone x3  
  17  1:15  Spawning Pool  
  16  1:24  Drone  
  17  1:32  Overlord  
  17  1:33  Extractor  
  16  1:44  Drone  
  17  2:06  Zergling x6  
  20  2:12  Queen  
  20  2:13  Queen  
  20  2:14  Extractor  
  23  2:16  Zergling x4  
  23  2:18  Zergling x2  
  26  2:34  Drone  
  27  2:46  Drone x2  
  29  2:51  Drone  
  29  2:52  Drone x2  
  29  2:57  Overlord  
  32  3:02  Metabolic Boost  
  32  3:05  Drone  
  33  3:09  Drone  
  34  3:25  Drone x2  
  34  3:26  Drone x2  
  38  3:32  Spore Crawler  
  37  3:36  Spore Crawler, Drone x2  
  38  3:44  Overlord  
  38  3:52  Overlord  
  38  3:54  Drone x2  
  40  3:56  Zergling x2  
  40  4:01  Drone  
  42  4:03  Zergling x2  
  42  4:04  Zergling x2  
  42  4:06  Drone  
  45  4:13  Evolution Chamber  
  45  4:15  Drone x2  
  46  4:21  Lair  
  46  4:36  Drone x2  
  46  4:37  Drone x3  
  51  4:38  Overlord  
  51  4:40  Zerg Melee Weapons Level 1  
  51  4:53  Hatchery  
  50  5:01  Extractor  
  50  5:02  Extractor, Overlord x2  
  48  5:07  Evolution Chamber  
  48  5:09  Drone x2  
  49  5:24  Drone x5  
  54  5:30  Overlord  
  54  5:31  Drone  
  54  5:32  Drone  
  54  5:33  Zerg Ground Armor Level 1  
  56  5:36  Drone x2  
  58  5:46  Spire  
  58  5:49  Spore Crawler  
  56  5:53  Spore Crawler, Drone  
  56  6:07  Drone  
  56  6:08  Queen  
  52  6:21  Overlord x2  
  52  6:31  Overlord x2  
  52  6:33  Drone x2  
  52  6:34  Zergling x12  
  60  6:43  Drone, Baneling Nest  
  60  6:44  Drone  
  61  6:51  Queen  
  63  6:59  Extractor  
  63  7:00  Spore Crawler  
  61  7:01  Extractor  
  61  7:02  Zerg Flyer Weapons Level 1  
  61  7:04  Mutalisk x4  
  68  7:10  Drone  
  68  7:11  Overlord  
  69  7:24  Overseer  
  69  7:27  Pneumatized Carapace  
  69  7:30  Mutalisk x5  
  79  7:42  Baneling x4  
  79  7:43  Centrifical Hooks, Baneling x3  
  79  7:45  Drone x3  
  79  7:47  Drone  
  83  7:52  Mutalisk  
  83  7:53  Mutalisk  
  87  8:03  Drone x2  
  89  8:08  Drone  
  89  8:09  Drone x5  
  89  8:11  Overlord  
  95  8:29  Mutalisk x4  
  103  8:40  Zerg Ground Armor Level 2  
  103  8:52  Zergling x8  
  103  8:53  Zergling x2  
  103  8:55  Hatchery  
  107  8:56  Zerg Flyer Armor Level 1  
  103  9:12  Mutalisk x5  
  103  9:14  Zergling x12  
  109  9:52  Corruptor x6  
  119  10:04  Zergling x6  
  119  10:05  Zergling x4  
  124  10:08  Hydralisk Den  
  123  10:16  Drone  
  124  10:24  Hatchery  
  124  10:25  Mutalisk  
  124  10:26  Mutalisk x4  
  133  10:42  Drone x2  
  135  10:43  Drone  
  135  10:44  Extractor  
  135  10:45  Spore Crawler  
  135  10:46  Extractor  
  133  10:50  Baneling x5  
  133  10:51  Corruptor, Baneling  
  133  10:52  Corruptor x2  
  139  10:59  Infestation Pit  
  138  11:11  Drone x2  
  140  11:12  Drone x4  
  140  11:14  Overlord  
  140  11:15  Overlord x4  
  144  11:22  Zerg Flyer Weapons Level 2  
  126  12:31  Spire  
  126  12:32  Hive  
  126  12:35  Zergling x12, Hydralisk x6  
  126  12:36  Hydralisk x3  
  149  12:39  Grooved Spines  
  149  12:41  Zerg Missile Weapons Level 1  
  149  12:42  Zerg Melee Weapons Level 2  
  149  12:44  Overlord  
  149  12:45  Overlord  
  149  12:47  Zergling x8  
  149  12:48  Corruptor x5  
  163  13:10  Baneling x3  
  163  13:12  Baneling x2  
  163  13:13  Baneling x5  
  163  13:15  Zergling x10  
  163  13:16  Zergling x6  
  163  13:17  Drone  
  163  13:18  Drone  
  173  13:26  Drone  
  173  13:27  Drone x2  
  176  13:36  Hatchery, Drone  
  176  13:37  Drone  
  177  13:48  Extractor  
  177  13:51  Greater Spire  
  177  13:52  Zerg Flyer Armor Level 2  
  177  13:53  Extractor  
  175  13:55  Zergling x4  
  175  13:56  Zergling x4  
  179  14:14  Drone x3  
  182  14:29  Zergling x8  
  182  14:30  Hydralisk x5  
  182  14:31  Hydralisk x2  
  196  14:33  Muscular Augments  
  196  14:37  Zerg Missile Weapons Level 2  
  200  14:58  Zerg Ground Armor Level 3  
  150  15:27  Brood Lord x8  
  150  15:28  Brood Lord x2  
  142  15:29  Corruptor x7  
  142  15:30  Corruptor  
  134  15:41  Zerg Flyer Weapons Level 3  
  132  16:03  Corruptor x5  
  138  16:18  Brood Lord x2  
  142  16:26  Drone x3  
  145  16:33  Spore Crawler  
  145  16:36  Spore Crawler  
  131  17:16  Brood Lord  
  131  17:17  Brood Lord  
  131  17:23  Brood Lord  
  131  17:24  Brood Lord  
  131  17:39  Brood Lord  
  131  17:40  Brood Lord  
  121  17:46  Spine Crawler  
  121  17:48  Spine Crawler  
  121  17:50  Spine Crawler  
  114  18:15  Drone x3  
  117  18:30  Extractor  
  117  18:34  Extractor  
  111  18:41  Hatchery  
  111  18:47  Drone x2  
  108  18:54  Hatchery  
Show
View Real Time Build Order
Export as new Build Order

Mesrob Terran 

Build Orders: Mech 

Get SALT Encoding   

  12  0:00  SCV  
  13  0:13  SCV  
  14  0:18  Supply Depot  
  14  0:25  SCV  
  15  0:40  SCV  
  16  0:42  Barracks  
  16  0:49  Refinery  
  16  0:52  SCV  
  17  1:04  SCV  
  18  1:16  SCV  
  19  1:29  Orbital Command  
  19  1:42  Marine  
  19  1:44  Command Center  
  20  1:56  Bunker  
  20  1:57  SCV  
  21  2:10  SCV  
  22  2:25  Barracks Tech Lab, Supply Depot, Factory  
  22  2:41  Refinery  
  22  2:47  Engineering Bay  
  22  2:49  Supply Depot  
  22  3:04  Orbital Command  
  22  3:16  Missile Turret  
  22  3:17  Siege Tank  
  25  3:36  Supply Depot  
  25  3:46  SCV  
  26  3:49  Siege Tank  
  26  3:50  SCV  
  30  3:58  Marine, SCV  
  33  4:02  SCV  
  33  4:05  Missile Turret  
  33  4:10  SCV  
  33  4:15  SCV  
  35  4:18  Armory  
  35  4:21  Siege Tank  
  38  4:26  Missile Turret  
  38  4:27  SCV x2  
  40  4:39  SCV x2  
  42  4:55  SCV x2  
  42  4:58  Refinery  
  44  5:07  SCV  
  44  5:08  Factory  
  45  5:14  SCV  
  45  5:19  Siege Tank  
  49  5:31  Marine  
  50  5:37  Terran Vehicle Weapons Level 1  
  50  5:39  Command Center  
  50  5:45  Supply Depot  
  50  5:51  Siege Tank  
  50  5:52  Factory  
  53  6:00  Factory Reactor  
  53  6:07  Supply Depot  
  53  6:29  Supply Depot  
  53  6:41  Marine  
  54  6:47  Refinery  
  54  6:51  Missile Turret  
  54  6:52  Armory  
  54  6:59  Factory Reactor  
  54  7:00  Hellbat x2  
  58  7:23  SCV x2  
  58  7:25  Planetary Fortress  
  60  7:35  SCV x2  
  60  7:36  Terran Vehicle And Ship Armor Level 1  
  62  7:47  SCV x2  
  64  7:52  Supply Depot  
  64  7:56  Missile Turret  
  64  7:57  Missile Turret  
  64  7:58  Refinery  
  64  7:59  SCV x2  
  66  8:11  SCV  
  66  8:12  Hellbat x2  
  71  8:13  Hellbat x2, Thor  
  71  8:15  Supply Depot  
  71  8:19  Missile Turret  
  81  8:23  SCV  
  82  8:29  Factory  
  82  8:30  Factory  
  82  8:36  SCV  
  82  8:38  Hellbat x4, Supply Depot  
  82  8:41  Sensor Tower  
  91  8:48  SCV  
  92  8:56  Thor  
  97  9:03  Supply Depot  
  95  9:16  Factory  
  92  9:26  Missile Turret  
  83  9:39  Thor  
  88  9:54  Missile Turret  
  88  9:58  SCV  
  89  10:04  SCV  
  89  10:05  SCV  
  91  10:08  Hellbat x2  
  91  10:09  Factory Tech Lab x2  
  91  10:10  SCV  
  91  10:11  Hellbat x2  
  100  10:16  SCV  
  100  10:17  SCV  
  102  10:22  SCV, Thor  
  102  10:28  Missile Turret, SCV  
  109  10:29  Hellbat x2, SCV  
  109  10:32  Smart Servos, Hellbat x2  
  109  10:33  Infernal Pre-Igniter  
  119  10:36  Thor  
  119  10:37  Thor  
  131  10:47  Refinery  
  131  10:48  Missile Turret  
  131  10:50  SCV x2  
  133  11:02  Supply Depot  
  133  11:07  Missile Turret  
  133  11:13  Supply Depot  
  133  11:24  Hellbat, Hellion, SCV x3  
  133  11:25  Factory Tech Lab  
  140  11:27  Supply Depot  
  140  11:34  Factory  
  140  11:35  Hellbat x2  
  140  11:36  SCV x3  
  140  11:39  Supply Depot, Armory  
  146  11:48  SCV  
  146  11:49  Supply Depot  
  146  11:57  Armory  
  146  12:00  SCV, Armory  
  147  12:02  Supply Depot  
  144  12:12  SCV  
  133  12:34  Missile Turret  
  133  12:49  Factory Reactor  
  133  12:51  Thor x2  
  133  12:52  Thor  
  133  12:53  Hellbat x2  
  161  13:00  SCV  
  162  13:08  Missile Turret  
  162  13:12  SCV  
  163  13:16  Hellbat x2  
  167  13:29  Missile Turret  
  167  13:38  Missile Turret  
  167  13:53  SCV x2  
  169  13:56  Hellion  
  169  13:58  Missile Turret  
  169  14:22  Missile Turret  
  169  14:27  Command Center  
  169  14:43  Missile Turret  
  168  15:14  Thor  
  168  15:15  Thor  
  168  15:16  Hellbat  
  168  15:20  Hellbat  
  168  15:21  Hellbat x2, Thor  
  180  15:22  Hellbat x2  
  180  15:27  Supply Depot, Terran Vehicle Weapons Level 2  
  136  15:38  Hellbat  
  138  15:50  Supply Depot  
  102  16:12  Thor  
  102  16:13  Supply Depot, Thor  
  108  16:33  Missile Turret  
  108  16:37  Missile Turret  
  108  16:38  Supply Depot  
  110  16:40  Hellbat  
  80  17:38  Thor  
  71  17:46  Thor x2  
  71  17:47  Hellbat x3  
Tags
 
League
GoldGold
Matchup
TvZ
Replay Pack
sc2 replays
Spawn Locations
Close Positions
Add a new tag
Caveats
  • Supply blocks, unpowered buildings, or Contaminate may cause inaccurate times.
  • Supply counts are checked every 10 seconds.